 Dungeon Crawl Stone Soup version 0.14.1-23-g35e4e54 (webtiles) character file.

140 Kae the Firebug (level 4, -1/24 HPs)
             Began as a Tengu Fire Elementalist on June 11, 2014.
             Slain by a giant frog (7 damage)
             ... on Level 3 of the Dungeon.
             The game lasted 00:03:38 (2278 turns).

Kae the Firebug (Tengu Fire Elementalist)           Turns: 2278, Time: 00:03:38

HP  -1/24        AC  3     Str  8      XL: 4   Next: 39%
MP   6/8         EV 12     Int 17      God:
Gold 60          SH  0     Dex 14      Spells:  1 memorised,  6 levels left

rFire  . . .     SeeInvis .     (no weapon)
rCold  . . .     Clarity  .     a - +1 robe
rNeg   . . .     Conserve .     (no shield)
rPois  .         rCorr    .     (helmet restricted)
rElec  .         rRot     .     (no cloak)
SustAb + .       Spirit   .     (no gloves)
rMut   .         Warding  .     (boots unavailable)
Saprov . . .     Stasis   .     (no amulet)
MR     .....                    (no ring)
                                m - ring of sustain abilities

@: not resistant to hostile enchantments, fairly stealthy
A: beak, talons 3
a: no special abilities


You were on level 3 of the Dungeon.
You were not hungry.

You visited 1 branch of the dungeon, and saw 3 of its levels.

You collected 60 gold pieces.

Inventory:

Hand weapons
 g - a +1,+1 short sword
Missiles
 n - 2 darts (quivered)
 u - 8 poisoned tomahawks
Armour
 a - a +1 robe (worn)
Magical devices
 q - a wand of teleportation (5)
Comestibles
 c - a bread ration
 f - 2 meat rations
 h - a choko
 t - a snozzcumber
Scrolls
 e - 3 scrolls of enchant armour
 l - 3 scrolls of identify
 v - a scroll of remove curse
Jewellery
 m - a ring of sustain abilities (left hand)
Potions
 d - a potion of curing
 k - 3 potions of might
 o - a potion of restore abilities
Books
 b - a book of Flames

   Spells                             Type                      Level
   *Flame Tongue                      Conjuration/Fire             1
   Throw Flame                        Conjuration/Fire             2
   Conjure Flame                      Conjuration/Fire             3
   Inner Flame                        Hexes/Fire                   3
   Sticky Flame                       Conjuration/Fire             4
   Fireball                           Conjuration/Fire             5


   Skills:
 - Level 2.1 Dodging
 - Level 2.0 Stealth
 + Level 2.2 Spellcasting
 * Level 3.9 Conjurations
 * Level 4.3 Fire Magic


You had 6 spell levels left.
You knew the following spells:

 Your Spells              Type           Power        Failure   Level  Hunger
a - Flame Tongue          Conj/Fire      ###..        3%          1    #......


Dungeon Overview and Level Annotations

Branches:
Dungeon (3/15)

Altars:

Annotations:
D:2 Sigmund


Innate Abilities, Weirdness & Mutations

You have a beak for a mouth.
You have claws for feet.


Message History

Drink which item? (? for menu, Esc to quit)
There was something very wrong with that liquid!
You feel weakened for a moment.
It was a potion of degeneration.
The giant frog barely misses you.
Casting: Flame Tongue
Confirm with . or Enter, or press ? or * to list all spells.
Aiming: Flame Tongue
Press: ? - help, Shift-Dir - straight line, f/p - giant frog
Aim: a giant frog (severely wounded)
The flame tongue misses the giant frog.
The giant frog hits you.
* * * LOW HITPOINT WARNING * * *
The giant frog hits you.
* * * LOW HITPOINT WARNING * * *
Casting: Flame Tongue
Confirm with . or Enter, or press ? or * to list all spells.
Aiming: Flame Tongue
Press: ? - help, Shift-Dir - straight line, f/p - giant frog
Aim: a giant frog (severely wounded)
The flame tongue misses the giant frog.
The giant frog hits you!
You die...

#...###.....>..###
#...(.%(..........
#...###.(.......## #...#
###.#####.# ###.#####.# #.#
#########......#.#####.#
#......##............#.#
###.....b##......#.###.#.##
........sF@........).......
##.....O#######)#.###.#.##
#......# #...# #.#.#
#......# #...# #%#.#
#......# .....# #.#.##
#......# ###...# #<....
#......# #...# #.....
#...O..# #...# #.....
####.### #.#.# #.....


You could see an ogre, a giant frog, a giant cockroach and a bat.

Vanquished Creatures
  A gnoll (D:1)
  3 adders
  An ooze (D:1)
  5 bats
  2 giant cockroaches
  7 goblins
  6 hobgoblins
  2 jackals (D:3)
  3 kobolds
  A quokka (D:2)
  A ball python (D:1)
  3 giant geckos
  5 giant newts
  2 rats (D:1)
42 creatures vanquished.

Notes
Turn   | Place    | Note
--------------------------------------------------------------
     0 | D:1      | Kae, the Tengu Fire Elementalist, began the quest for the Orb.
     0 | D:1      | Reached XP level 1. HP: 10/10 MP: 3/3
   283 | D:1      | Reached XP level 2. HP: 9/15 MP: 0/5
   772 | D:1      | Reached skill level 4 in Fire Magic
   772 | D:1      | Reached XP level 3. HP: 15/19 MP: 0/7
   910 | D:2      | Noticed Sigmund
  1672 | D:2      | Reached XP level 4. HP: 24/24 MP: 5/8
  2257 | D:3      | Noticed a giant frog
  2267 | D:3      | Noticed an ogre
  2278 | D:3      | Slain by a giant frog

Action                   |  1- 3 |  4- 6 || total
-------------------------+-------+-------++-------
Melee: Unarmed           |    42 |    33 ||    75
Throw: Dart              |    13 |       ||    13
 Cast: Flame Tongue      |    45 |    27 ||    72
Evoke: Wand              |       |     2 ||     2
  Use: Scroll            |       |     8 ||     8
       Potion            |       |     5 ||     5
 Stab: Sleeping          |     2 |       ||     2
